 Dungeon Crawl Stone Soup version 0.30.1-11-g7821555f0a (webtiles) character file.

Game seed: 11728598234333561340

102 booth the Chopper (level 4, 0/37 HPs)
             Began as a Demonspawn Monk on Dec 21, 2023.
             Killed by divine providence
             ... invoked by an orc priest
              (15 damage)
             ... on level 3 of the Dungeon.
             The game lasted 00:10:36 (2201 turns).

booth the Chopper (Demonspawn Monk)                 Turns: 2201, Time: 00:10:37

Health: 0/37       AC: 10    Str: 13    XL:     4   Next: 50%
Magic:  4/4        EV: 12    Int: 11    God:
Gold:   207        SH:  0    Dex: 16    Spells: 3/3 levels left

rFire   . . .        a - +0 hand axe (flame)
rCold   . . .        d - orb {light}
rNeg    . . .        l - +0 leather armour
rPois   .            o - +0 helmet
rElec   .            (no cloak)
rCorr   .            (no gloves)
SInv    .            (no boots)
Will    .....        (no amulet)
Stlth   +            (no ring)
HPRegen 0.26/turn    (no ring)
MPRegen 0.09/turn

%: no passive effects
@: sanguine armoured, glowing
A: ignite blood 1, sanguine armour 1
a: no special abilities


You were on level 3 of the Dungeon.
You visited 1 branch of the dungeon, and saw 3 of its levels.

You collected 207 gold pieces.

Inventory:

Hand Weapons
 a - a +0 hand axe of flaming (weapon)
Missiles
 j - 7 javelins (quivered)
Armour
 b - a +0 robe
 d - an orb of light (worn)
 l - a +0 leather armour (worn)
 o - a +0 helmet (worn)
Scrolls
 h - a scroll of identify
 i - a scroll of silence
 k - a scroll of amnesia {unknown}
 m - a scroll of poison {unknown}
 n - a scroll of fog {unknown}
Potions
 c - a potion of ambrosia
 e - a potion of magic
 g - 2 potions of flight {unknown}
 p - a potion of resistance


   Skills:
 + Level 3.9 Fighting
 * Level 3.9 Axes
 - Level 3.1 Dodging


You had 3 spell levels left.
You didn't know any spells.
Your spell library was empty.

Dungeon Overview and Level Annotations

Branches:
Dungeon (3/15)

Altars:


Innate Abilities, Weirdness & Mutations

Your demonic aura sometimes causes spilled blood to erupt in flames.
When seriously injured, your blood forms armour. (AC +6)


Message History

The iguana bites you!
Your blood congeals into armour.
You hit the iguana. You burn the iguana.
You kill the iguana!
You feel much better.
Your blood armour dries and flakes away.
You barely miss the orc. The orc hits you with a +0 war axe!
You hit the orc. You burn the orc.
The orc is severely wounded.
The orc is engulfed in blazing flames.
You kill the orc!
The orc priest looks satisfied for a moment.
The orc priest closely misses you.
You see here a +0 war axe.
You barely miss the orc priest.
The orc priest hits you with a +0 hand axe.
You hit the orc priest. You burn the orc priest.
The orc priest is lightly wounded.
The orc priest misses you.
You hit the orc priest. You burn the orc priest.
The orc priest is heavily wounded.
The orc priest invokes the aid of Beogh against you.
You barely resist.
You hit the orc priest but do no damage.
The orc priest is heavily wounded.
The orc priest calls down the wrath of Beogh upon you.
Beogh smites you!
Your blood congeals into armour.
You hit the orc priest. You burn the orc priest.
The orc priest is severely wounded.
The orc priest barely misses you. The orc priest closely misses you.
You hit the orc priest. You burn the orc priest.
The orc priest is almost dead.
The orc priest hits you but does no damage.
You hit the orc priest but do no damage.
The orc priest is almost dead.
The orc priest hits you with a +0 hand axe.
You barely miss the orc priest.
The orc priest is almost dead.
The orc priest mumbles some strange prayers to Beogh against you.
Beogh smites you!
You die...

###'## ##...##
#.....## ##
.......## ..
........# .####
........+ .o.
........# #o#
.......## #o#
......## #@#
.#...## #.# .##+##
#.#
###.############.#
#.#.........##.#
###.#.#######.##.#
......# #.##.#
......#######.##.#
#................#


You could see an orc priest, an orc wizard (invisible) and an orc.

Vanquished Creatures
  An iguana (D:3)
  An adder (D:2)
  2 dart slugs
  An orc (D:3)
  A ball python (D:1)
  6 bats
  3 endoplasms
  3 giant cockroaches
  4 hobgoblins
  6 jackals (D:2)
  4 quokkas
  3 frilled lizards
  5 goblins
  10 kobolds
  3 rats (D:1)
53 creatures vanquished.

Notes
Turn   | Place    | Note
-------+----------+-------------------------------------------
     0 | D:1      | booth the Demonspawn Monk began the quest for the Orb.
     0 | D:1      | Reached XP level 1. HP: 18/18 MP: 1/1
    88 | D:1      | Gained mutation: Your demonic aura sometimes causes spilled
                  | blood to erupt in flames. [demonic ancestry]
    88 | D:1      | Reached XP level 2. HP: 14/24 MP: 2/2
   493 | D:1      | Reached XP level 3. HP: 29/29 MP: 3/3
   881 | D:2      | You fall into a shaft and drop 1 floor!
  1726 | D:2      | Gained mutation: When seriously injured, your blood forms
                  | armour. (AC +6) [demonic ancestry]
  1726 | D:2      | Reached XP level 4. HP: 32/37 MP: 4/4
  2201 | D:3      | Killed from afar by an orc priest

Illustrated notes

Levels and vault maps discovered:
D:1:      saegor_arrival_miasma, layout_loops_ring
D:2:      layout_basic
D:3:      minmay_general_purpose_star, layout_loops_corners,
          grunt_temple_overflow_open, minmay_misc_feat_rows

Skill      XL: |  1  2 |
---------------+-------+-----
Axes           | 3 |  3.9
Dodging        | 3 |  3.1
Fighting       | |  3.9

Action                     |  1- 3 |  4- 6 || total
---------------------------+-------+-------++-------
  Melee: Hand axe          |   132 |    23 ||   155
    Use: Scroll            |     2 |     5 ||     7
         Potion            |       |     1 ||     1
 Armour: Robe              |    14 |       ||    14
         Leather armour    |     5 |     2 ||     7
  Dodge: Dodged            |    87 |    11 ||    98
